Griffins vs Icehogs
Created - June 24, 2023 at 10:23
Goals
|
| Griffins |
0 |
3 |
1 |
4 |
| Icehogs |
0 |
0 |
2 |
2 |
|
Shots
|
| Griffins |
5 |
13 |
16 |
34 |
| Icehogs |
3 |
7 |
16 |
26 |
|
1st period
No Goal
Penalties :
Tanner Kero (Gra) for Holding (Minor) at 2:07, Roope Hintz (Gra) for Tripping (Minor) at 5:18, Stefan Matteau (Roc) for High sticking (Minor) at 8:27
2nd period
1. Griffins , Lucas Lessio 8 (Riley Armstrong 13, Joe Morrow 10) at 6:25 (PP)
2. Griffins , Tyler Bertuzzi 5 (Sonny Milano 8, Riley Armstrong 14) at 9:33
3. Griffins , Danny Kristo 6 (Roope Hintz 9, Ilya Samsonov) at 17:47 (PP)
Penalties :
Kristian Reichel (Roc) for Hooking (Minor) at 6:13, Troy Terry (Gra) for Hooking (Minor) at 10:59, Mikhail Grigorenko (Roc) for Hooking (Minor) at 17:04, Duncan Siemens (Roc) for Hooking (Minor) at 19:28, Andrew Mangiapane (Roc) for High sticking (Minor) at 19:48
3rd period
4. Icehogs , Nick Mattson 1 (Andrew Mangiapane 6, Kurtis Gabriel 7) at 12:06
5. Icehogs , Kristian Reichel 1 (Mike Reilly 8, Nick Mattson 11) at 13:17
6. Griffins , Tyler Bertuzzi 6 (Lucas Lessio 11, Joe Morrow 11) at 19:32 (Empty Net)
Penalties :
Mikhail Grigorenko (Roc) for Hooking (Minor) at 3:30, Tyler Bertuzzi (Gra) for Tripping (Minor) at 9:47, Joe Morrow (Gra) for Roughing (Minor) at 13:20
Goalie Stats
Ilya Samsonov (Gra), 24 saves from 26 shots - (0.923), W, 8-5-0, 60:00 minutes
Mark Visentin (Roc), 30 saves from 33 shots - (0.909), L, 2-2-0, 59:36 minutes
Players Stats for Griffins
Player Name G A P +/- PIM S H SB GA TA FO MP PP MP PK MP
------------------------------------------------------------------------------------
Brendan Woods 0 0 0 0 0 0 0 1 0 1 8/10 14:34 2:57 5:54
Chris Bigras 0 0 0 -2 0 0 1 0 0 0 0/0 20:07 2:34 4:05
Danny Kristo 1 0 1 0 0 6 2 1 0 0 0/3 17:27 2:57 3:03
Dmitri Orlov 0 0 0 1 0 2 1 0 1 0 0/0 23:40 4:38 0:00
Ian McCoshen 0 0 0 1 0 0 1 1 0 3 0/0 16:37 0:00 5:54
Joe Morrow 0 2 2 1 2 0 3 3 0 2 0/0 28:01 4:38 4:36
Lucas Lessio 1 1 2 0 0 4 1 1 0 0 0/1 21:57 4:15 5:45
Martin Frk 0 0 0 -1 0 3 3 0 0 0 0/0 11:16 0:00 0:00
Nico Hischier 0 0 0 0 0 2 1 0 0 0 5/11 11:43 0:02 0:00
Riley Armstrong 0 2 2 0 0 6 1 0 0 0 16/32 20:23 4:13 3:03
Roope Hintz 0 1 1 0 2 2 1 0 0 0 1/1 15:33 2:57 1:10
Ryan Lindgren 0 0 0 1 0 0 0 1 0 0 0/0 11:51 0:00 1:14
Ryan Pulock 0 0 0 -2 0 1 0 1 0 2 0/0 19:43 2:34 4:01
Sonny Milano 0 1 1 0 0 3 0 0 1 0 0/0 18:31 0:00 0:55
Tanner Kero 0 0 0 0 2 0 0 0 0 0 0/0 1:21 0:00 0:00
Troy Terry 0 0 0 1 2 0 1 0 0 0 0/1 7:36 0:02 0:00
Tyler Bertuzzi 2 0 2 1 2 4 1 1 0 0 1/1 18:24 4:13 0:00
Vladislav Namestnikov 0 0 0 -1 0 1 4 0 1 0 2/6 11:16 0:00 0:00
Players Stats for Icehogs
Player Name G A P +/- PIM S H SB GA TA FO MP PP MP PK MP
------------------------------------------------------------------------------------
Andrew Mangiapane 0 1 1 0 2 3 1 1 1 0 2/3 20:46 4:46 3:07
Calle Andersson 0 0 0 0 0 0 0 0 0 1 0/0 9:44 0:00 0:50
Clark Bishop 0 0 0 0 0 0 0 0 0 0 3/12 19:26 4:46 1:34
Duncan Siemens 0 0 0 -1 2 0 0 1 0 0 0/0 19:27 3:25 2:06
Hudson Fasching 0 0 0 -1 0 2 1 0 1 1 0/1 18:54 5:09 0:00
Jeremy Davies 0 0 0 0 0 0 1 0 0 0 0/0 8:30 0:00 0:00
JJ. Piccinich 0 0 0 0 0 0 0 0 0 0 1/1 4:36 0:00 0:00
Julius Honka 0 0 0 -1 0 1 0 1 0 0 0/0 20:17 3:25 2:55
Kristian Reichel 1 0 1 1 2 1 1 0 1 0 1/2 11:11 0:00 0:00
Kurtis Gabriel 0 1 1 0 0 1 3 0 0 0 1/2 17:18 4:46 0:00
Mattias Janmark 0 0 0 0 0 0 0 0 0 0 0/0 1:57 0:00 1:09
Michael Chaput 0 0 0 -1 0 4 2 0 1 0 19/37 20:09 5:09 1:15
Mike Reilly 0 1 1 2 0 4 1 1 1 0 0/0 29:03 6:30 4:17
Mikhail Grigorenko 0 0 0 1 4 3 1 0 0 0 0/0 11:41 0:00 0:26
Mitchell Chaffee 0 0 0 0 0 0 0 0 0 0 0/0 0:00 0:00 0:00
Myles Bell 0 0 0 0 0 0 0 0 0 0 0/0 1:41 0:00 0:00
Nick Mattson 1 1 2 1 0 1 2 2 1 0 0/0 30:49 6:30 4:17
Nick Paul 0 0 0 0 0 1 1 0 0 0 0/0 4:36 0:00 0:00
Patrick Russell 0 0 0 1 0 1 1 0 0 0 0/0 11:12 0:00 0:00
Ross Johnston 0 0 0 0 0 0 0 0 0 0 0/0 2:11 0:00 1:57
Stefan Matteau 0 0 0 -1 2 4 0 0 2 1 6/8 25:25 5:09 3:15
Zach Whitecloud 0 0 0 -1 0 0 0 0 0 0 0/0 2:10 0:00 0:00
3 Stars
1 - Tyler Bertuzzi (Gra)
2 - Nick Mattson (Roc)
3 - Lucas Lessio (Gra)
Power Play
Griffins - 2 on 6 Attempt(s) - 33.33%
Icehogs - 0 on 5 Attempt(s) - 0.00%
Penalty Kill
Griffins - 5 on 5 Attempt(s) - 100.00%
- Score 0 goal in Penalty Kill
Icehogs - 4 on 6 Attempt(s) - 66.67%
- Score 0 goal in Penalty Kill
Team Stat
Griffins - Hits : 21 - Faceoff Wins : 33 - Blocked Shots : 10 - Penalty Minutes : 10
Icehogs - Hits : 15 - Faceoff Wins : 33 - Blocked Shots : 6 - Penalty Minutes : 12
Official
Referees : Kendrick Nicholson and Furman South
Linesman : Steve Barton and Ryan Gibbons
Game Notes
Riley Armstrong is injured at 17:53 of 3rd period (Sprained Left Finger)
Tyler Bertuzzi has scored in a empty net!
Finance
Level 1 -- Attendance: 2000 (100.00%) -- Ticket Income $70,000
Level 2 -- Attendance: 1000 (100.00%) -- Ticket Income $15,000
Total Attendance: 3000 (100.00%)
Total Ticket Income: $85,000
Other Income: $4,250
Total Income: $89,250
Griffins
5 vs 5 Forward
Center Left Wing Right Wing Time % Phy DF OF
1 Riley Armstrong Sonny Milano Tyler Bertuzzi 40 1 2 2
2 Nico Hischier Roope Hintz Danny Kristo 30 1 2 2
3 Vladislav Namestnikov Lucas Lessio Martin Frk 20 1 2 2
4 Brendan Woods Sonny Milano Troy Terry 10 1 2 2
5 vs 5 Defense
Defense Defense Time % Phy DF OF
1 Joe Morrow Dmitri Orlov 40 1 2 2
2 Chris Bigras Ryan Pulock 30 1 2 2
3 Ryan Lindgren Ian McCoshen 20 1 2 2
4 Ryan Lindgren Ian McCoshen 10 1 2 2
PowerPlay Forward
Center Left Wing Right Wing Time % Phy DF OF
1 Riley Armstrong Lucas Lessio Tyler Bertuzzi 60 1 2 2
2 Brendan Woods Roope Hintz Danny Kristo 40 1 2 2
PowerPlay Defense
Defense Defense Time % Phy DF OF
1 Joe Morrow Dmitri Orlov 60 1 2 2
2 Chris Bigras Ryan Pulock 40 1 2 2
Penalty Kill 4 Players Forward
Center Wing Time % Phy DF OF
1 Brendan Woods Lucas Lessio 60 1 2 2
2 Riley Armstrong Danny Kristo 40 1 2 2
Penalty Kill 4 Players Defense
Defense Defense Time % Phy DF OF
1 Joe Morrow Ian McCoshen 60 1 2 2
2 Chris Bigras Ryan Pulock 40 1 2 2
Penalty Kill - 3 Players Forward
Forward Time % Phy DF OF
1 Brendan Woods 60 1 2 2
2 Riley Armstrong 40 1 2 2
Penalty Kill - 3 Players Defense
Defense Defense Time % Phy DF OF
1 Joe Morrow Ian McCoshen 60 1 2 2
2 Chris Bigras Ryan Pulock 40 1 2 2
4 vs 4 Forward
Center Wing Time % Phy DF OF
1 Tyler Bertuzzi Lucas Lessio 60 1 2 2
2 Riley Armstrong Danny Kristo 40 1 2 2
4 vs 4 Defense
Defense Defense Time % Phy DF OF
1 Joe Morrow Dmitri Orlov 60 1 2 2
2 Chris Bigras Ryan Pulock 40 1 2 2
Last Minutes Offensive
Center Left Wing Right Wing Defense Defense
Riley Armstrong Lucas Lessio Tyler Bertuzzi Joe Morrow Dmitri Orlov
Last Minutes Defensive
Center Left Wing Right Wing Defense Defense
Riley Armstrong Lucas Lessio Tyler Bertuzzi Joe Morrow Dmitri Orlov
Goaltenders
Starting : Ilya Samsonov
Backup : Marcus Hogberg
Extra Forwards
Normal : Troy Terry, Tanner Kero, Nico Hischier - PP : Nico Hischier, Troy Terry - PK : Roope Hintz
Extra Defensemen
Normal : Dmitri Orlov, Ian McCoshen, Ryan Lindgren - PP : Ian McCoshen - PK : Ian McCoshen, Ryan Lindgren
Penalty Shots
Tyler Bertuzzi, Lucas Lessio, Riley Armstrong, Danny Kristo, Roope Hintz
Scratches
Cody Glass (Healthy), Klim Kostin (Healthy), Morgan Barron (Healthy), Lias Andersson (Healthy), Jack Studnicka (Healthy)
Greg McKegg (Healthy), Jack Ramsey (Healthy), Sebastian Ahaut (Healthy), Konrad Abeltshauser (Healthy), Michael Bunting (Healthy)
Conor Timmins (Healthy), Tomas Hyka (Healthy), Nick Swaney (Healthy), Philippe Desrosiers (Healthy), Adam Werner (Healthy)
Icehogs
5 vs 5 Forward
Center Left Wing Right Wing Time % Phy DF OF
1 Michael Chaput Stefan Matteau Hudson Fasching 40 1 2 2
2 Clark Bishop Andrew Mangiapane Kurtis Gabriel 30 1 2 2
3 Kristian Reichel Mikhail Grigorenko Patrick Russell 20 1 2 2
4 Stefan Matteau Nick Paul JJ. Piccinich 10 1 2 2
5 vs 5 Defense
Defense Defense Time % Phy DF OF
1 Nick Mattson Mike Reilly 40 1 2 2
2 Julius Honka Duncan Siemens 30 1 2 2
3 Jeremy Davies Calle Andersson 20 1 2 2
4 Zach Whitecloud Nick Mattson 10 1 2 2
PowerPlay Forward
Center Left Wing Right Wing Time % Phy DF OF
1 Michael Chaput Stefan Matteau Hudson Fasching 60 1 2 2
2 Clark Bishop Andrew Mangiapane Kurtis Gabriel 40 1 2 2
PowerPlay Defense
Defense Defense Time % Phy DF OF
1 Nick Mattson Mike Reilly 60 1 2 2
2 Julius Honka Duncan Siemens 40 1 2 2
Penalty Kill 4 Players Forward
Center Wing Time % Phy DF OF
1 Stefan Matteau Andrew Mangiapane 60 1 2 2
2 Mikhail Grigorenko Michael Chaput 40 1 2 2
Penalty Kill 4 Players Defense
Defense Defense Time % Phy DF OF
1 Nick Mattson Mike Reilly 60 1 2 2
2 Julius Honka Duncan Siemens 40 1 2 2
Penalty Kill - 3 Players Forward
Forward Time % Phy DF OF
1 Stefan Matteau 60 1 2 2
2 Andrew Mangiapane 40 1 2 2
Penalty Kill - 3 Players Defense
Defense Defense Time % Phy DF OF
1 Nick Mattson Mike Reilly 60 1 2 2
2 Julius Honka Duncan Siemens 40 1 2 2
4 vs 4 Forward
Center Wing Time % Phy DF OF
1 Stefan Matteau Andrew Mangiapane 60 1 2 2
2 Mikhail Grigorenko Michael Chaput 40 1 2 2
4 vs 4 Defense
Defense Defense Time % Phy DF OF
1 Nick Mattson Mike Reilly 60 1 2 2
2 Julius Honka Duncan Siemens 40 1 2 2
Last Minutes Offensive
Center Left Wing Right Wing Defense Defense
Michael Chaput Stefan Matteau Hudson Fasching Nick Mattson Mike Reilly
Last Minutes Defensive
Center Left Wing Right Wing Defense Defense
Michael Chaput Stefan Matteau Hudson Fasching Nick Mattson Mike Reilly
Goaltenders
Starting : Mark Visentin
Backup : Mackenzie Blackwood
Extra Forwards
Normal : Myles Bell, Mattias Janmark, Ross Johnston - PP : Myles Bell, Mattias Janmark - PK : Ross Johnston
Extra Defensemen
Normal : Jeremy Davies, Calle Andersson, Zach Whitecloud - PP : Jeremy Davies - PK : Calle Andersson, Zach Whitecloud
Penalty Shots
Stefan Matteau, Andrew Mangiapane, Mikhail Grigorenko, Michael Chaput, Hudson Fasching
Scratches
J.T. Brown (Healthy), Nikita Scherbak (Healthy), Patrick Sieloff (Right Knee Injury), Dillon Dube (Healthy), Jackson Cates (Healthy)
Andrew Poturalski (Healthy), Michael Giugovaz (Healthy), Jack LaFontaine (Healthy)
% Time on Ice - Griffins
Lines # - Real PCT - Wanted PCT - Time Play
Normal Forward
1 - 33% - 40% - 13:51
2 - 27% - 30% - 11:27
3 - 27% - 20% - 11:16
4 - 13% - 10% - 5:40
Normal Defense
1 - 46% - 40% - 19:27
2 - 31% - 30% - 13:04
3 - 18% - 20% - 7:40
4 - 5% - 10% - 2:03
PP Forward
1 - 59% - 60% - 4:15
2 - 41% - 40% - 2:57
PP Defense
1 - 64% - 60% - 4:38
2 - 36% - 40% - 2:34
PK Forward
1 - 69% - 60% - 6:52
2 - 31% - 40% - 3:03
PK Defense
1 - 59% - 60% - 5:54
2 - 41% - 40% - 4:01
PK3 Forward
1 - 0% - 60%
2 - 0% - 40%
PK3 Defense
1 - 0% - 60%
2 - 0% - 40%
44 Forward
1 - 0% - 60%
2 - 0% - 40%
44 Defense
1 - 0% - 60%
2 - 0% - 40%
Last Minute Offensive - 0:00
Last Minute Defensive - 0:39
Total
Forward - 60:00
Defense - 60:00
|
% Time on Ice - Icehogs
Lines # - Real PCT - Wanted PCT - Time Play
Normal Forward
1 - 33% - 40% - 13:55
2 - 30% - 30% - 12:32
3 - 27% - 20% - 11:12
4 - 11% - 10% - 4:36
Normal Defense
1 - 43% - 40% - 18:16
2 - 32% - 30% - 13:19
3 - 20% - 20% - 8:30
4 - 5% - 10% - 2:10
PP Forward
1 - 52% - 60% - 5:09
2 - 48% - 40% - 4:46
PP Defense
1 - 66% - 60% - 6:30
2 - 34% - 40% - 3:25
PK Forward
1 - 77% - 60% - 4:17
2 - 23% - 40% - 1:16
PK Defense
1 - 62% - 60% - 3:28
2 - 38% - 40% - 2:05
PK3 Forward
1 - 66% - 60% - 1:05
2 - 34% - 40% - 0:34
PK3 Defense
1 - 49% - 60% - 0:49
2 - 51% - 40% - 0:50
44 Forward
1 - 0% - 60%
2 - 0% - 40%
44 Defense
1 - 0% - 60%
2 - 0% - 40%
Last Minute Offensive - 0:38
Last Minute Defensive - 0:00
Total
Forward - 60:00
Defense - 60:00
|
Play-by-Play
1st period
0:01 of 1st period - Michael Chaput wins face-off versus Riley Armstrong in neutral zone.
0:39 of 1st period - Slapshot by Mike Reilly.
0:39 of 1st period - Shot Blocked by Joe Morrow.
0:53 of 1st period - Wrist shot by Kurtis Gabriel.
0:53 of 1st period - Shot Misses the Net.
0:55 of 1st period - Slapshot by Julius Honka.
0:55 of 1st period - Shot Blocked by Tyler Bertuzzi.
2:07 of 1st period - Minor Penalty to Tanner Kero for Holding.
2:08 of 1st period - Brendan Woods wins face-off versus Michael Chaput in Griffins zone.
2:19 of 1st period - Snap shot by Michael Chaput.
2:19 of 1st period - Shot Misses the Net.
2:21 of 1st period - Slapshot by Nick Mattson.
2:21 of 1st period - Deflect By Hudson Fasching.
2:21 of 1st period - Shot Misses the Net.
2:21 of 1st period - Puck is out of play.
2:22 of 1st period - Brendan Woods wins face-off versus Hudson Fasching in Griffins zone.
4:00 of 1st period - Riley Armstrong is hit by Kurtis Gabriel and loses puck.
4:07 of 1st period - Penalty to Tanner Kero is over, Tanner Kero is back on ice.
4:11 of 1st period - Kurtis Gabriel is hit by Joe Morrow and loses puck.
4:44 of 1st period - Stefan Matteau is hit by Vladislav Namestnikov and loses puck.
5:02 of 1st period - Off-side.
5:03 of 1st period - Michael Chaput wins face-off versus Nico Hischier in neutral zone.
5:18 of 1st period - Minor Penalty to Roope Hintz for Tripping.
5:19 of 1st period - Brendan Woods wins face-off versus Michael Chaput in Griffins zone.
5:32 of 1st period - Wrist shot by Stefan Matteau.
5:32 of 1st period - Shot Misses the Net.
5:34 of 1st period - Wrist shot by Michael Chaput.
5:34 of 1st period - Stopped by Ilya Samsonov with a rebound.
5:52 of 1st period - Icing by Andrew Mangiapane.
5:53 of 1st period - Brendan Woods wins face-off versus Kurtis Gabriel in Icehogs zone.
6:01 of 1st period - Icing by Mike Reilly.
6:02 of 1st period - Brendan Woods wins face-off versus Clark Bishop in Icehogs zone.
6:03 of 1st period - Snap shot by Lucas Lessio.
6:03 of 1st period - Stopped by Mark Visentin with a rebound.
6:13 of 1st period - Lucas Lessio is hit by Nick Mattson and loses puck.
6:36 of 1st period - Slapshot by Mike Reilly.
6:36 of 1st period - Deflect By Kurtis Gabriel.
6:36 of 1st period - Stopped by Ilya Samsonov without a rebound.
6:37 of 1st period - Riley Armstrong wins face-off versus Michael Chaput in Griffins zone.
7:18 of 1st period - Penalty to Roope Hintz is over, Roope Hintz is back on ice.
7:44 of 1st period - Snap shot by Roope Hintz.
7:44 of 1st period - Stopped by Mark Visentin without a rebound.
7:45 of 1st period - Clark Bishop wins face-off versus Danny Kristo in Icehogs zone.
7:45 of 1st period - Clark Bishop is hit by Nico Hischier.
8:11 of 1st period - Wrist shot by Stefan Matteau.
8:11 of 1st period - Shot Misses the Net.
8:27 of 1st period - Minor Penalty to Stefan Matteau for High sticking.
8:28 of 1st period - Andrew Mangiapane wins face-off versus Riley Armstrong in Icehogs zone.
9:08 of 1st period - Slapshot by Joe Morrow.
9:08 of 1st period - Shot Misses the Net.
9:10 of 1st period - Wrist shot by Brendan Woods.
9:10 of 1st period - Shot Misses the Net.
10:27 of 1st period - Penalty to Stefan Matteau is over, Stefan Matteau is back on ice.
10:34 of 1st period - Slapshot by Stefan Matteau.
10:34 of 1st period - Deflect By Mattias Janmark.
10:34 of 1st period - Shot Misses the Net.
10:34 of 1st period - Puck is out of play.
10:35 of 1st period - Michael Chaput wins face-off versus Nico Hischier in Griffins zone.
10:36 of 1st period - Wrist shot by Stefan Matteau.
10:36 of 1st period - Shot Misses the Net.
10:52 of 1st period - Riley Armstrong is hit by Jeremy Davies and loses puck.
11:43 of 1st period - Nick Mattson is hit by Danny Kristo and loses puck.
12:24 of 1st period - Riley Armstrong is hit by Kurtis Gabriel.
12:28 of 1st period - Andrew Mangiapane is hit by Ian McCoshen and loses puck.
13:40 of 1st period - Andrew Mangiapane is hit by Lucas Lessio and loses puck.
14:05 of 1st period - Joe Morrow is hit by Nick Paul and loses puck.
15:10 of 1st period - Slapshot by Stefan Matteau.
15:10 of 1st period - Stopped by Ilya Samsonov without a rebound.
15:11 of 1st period - Michael Chaput wins face-off versus Nico Hischier in Griffins zone.
15:20 of 1st period - Snap shot by Roope Hintz.
15:20 of 1st period - Stopped by Mark Visentin with a rebound.
15:28 of 1st period - Danny Kristo is hit by Michael Chaput.
15:36 of 1st period - Clark Bishop is hit by Chris Bigras and loses puck.
15:45 of 1st period - Snap shot by Kurtis Gabriel.
15:45 of 1st period - Shot Misses the Net.
15:55 of 1st period - Snap shot by Sonny Milano.
15:55 of 1st period - Shot Misses the Net.
16:17 of 1st period - Off-side.
16:18 of 1st period - Vladislav Namestnikov wins face-off versus Clark Bishop in neutral zone.
16:23 of 1st period - Wrist shot by Vladislav Namestnikov.
16:23 of 1st period - Stopped by Mark Visentin without a rebound.
16:24 of 1st period - Kurtis Gabriel wins face-off versus Vladislav Namestnikov in Icehogs zone.
16:31 of 1st period - Joe Morrow is hit by Kurtis Gabriel and loses puck.
16:40 of 1st period - Kurtis Gabriel is hit by Martin Frk and loses puck.
17:37 of 1st period - Slapshot by Joe Morrow.
17:37 of 1st period - Shot Misses the Net.
17:59 of 1st period - Snap shot by Andrew Mangiapane.
17:59 of 1st period - Shot Hit the Post.
18:09 of 1st period - Kurtis Gabriel is hit by Vladislav Namestnikov and loses puck.
18:18 of 1st period - Snap shot by Martin Frk.
18:18 of 1st period - Stopped by Mark Visentin without a rebound.
18:19 of 1st period - Riley Armstrong wins face-off versus Michael Chaput in Icehogs zone.
18:46 of 1st period - Ryan Pulock is hit by Kristian Reichel and loses puck.
18:53 of 1st period - Wrist shot by Mikhail Grigorenko.
18:53 of 1st period - Shot Misses the Net.
Goals for this period are 0 for Griffins vs 0 for Icehogs.
Shots for this period are 5 for Griffins vs 3 for Icehogs.
2nd period
0:01 of 2nd period - Tyler Bertuzzi wins face-off versus Michael Chaput in neutral zone.
0:06 of 2nd period - Slapshot by Tyler Bertuzzi.
0:06 of 2nd period - Stopped by Mark Visentin with a rebound.
0:16 of 2nd period - Snap shot by Stefan Matteau.
0:16 of 2nd period - Shot Misses the Net.
0:57 of 2nd period - Icing by Ryan Pulock.
0:58 of 2nd period - Stefan Matteau wins face-off versus Riley Armstrong in Griffins zone.
0:59 of 2nd period - Snap shot by Nick Paul.
0:59 of 2nd period - Stopped by Ilya Samsonov with a rebound.
1:07 of 2nd period - Stefan Matteau is hit by Tyler Bertuzzi.
1:21 of 2nd period - Snap shot by Riley Armstrong.
1:21 of 2nd period - Stopped by Mark Visentin without a rebound.
1:22 of 2nd period - Nico Hischier wins face-off versus Clark Bishop in Icehogs zone.
1:23 of 2nd period - Wrist shot by Danny Kristo.
1:23 of 2nd period - Stopped by Mark Visentin with a rebound.
2:02 of 2nd period - Backhand shot by Michael Chaput.
2:02 of 2nd period - Stopped by Ilya Samsonov with a rebound.
2:26 of 2nd period - Sonny Milano is hit by Patrick Russell and loses puck.
4:50 of 2nd period - Snap shot by Mikhail Grigorenko.
4:50 of 2nd period - Stopped by Ilya Samsonov with a rebound.
5:09 of 2nd period - Icing by Mike Reilly.
5:10 of 2nd period - Michael Chaput wins face-off versus Riley Armstrong in Icehogs zone.
5:17 of 2nd period - Slapshot by Riley Armstrong.
5:17 of 2nd period - Stopped by Mark Visentin without a rebound.
5:18 of 2nd period - Nico Hischier wins face-off versus Clark Bishop in Icehogs zone.
5:19 of 2nd period - Snap shot by Danny Kristo.
5:19 of 2nd period - Stopped by Mark Visentin with a rebound.
6:13 of 2nd period - Minor Penalty to Kristian Reichel for Hooking.
6:14 of 2nd period - Riley Armstrong wins face-off versus Stefan Matteau in Icehogs zone.
6:15 of 2nd period - Wrist shot by Tyler Bertuzzi.
6:15 of 2nd period - Shot Blocked by Andrew Mangiapane.
6:17 of 2nd period - Snap shot by Tyler Bertuzzi.
6:17 of 2nd period - Shot Misses the Net.
6:19 of 2nd period - Wrist shot by Joe Morrow.
6:19 of 2nd period - Shot Misses the Net.
6:23 of 2nd period - Slapshot by Riley Armstrong.
6:23 of 2nd period - Stopped by Mark Visentin with a rebound.
6:25 of 2nd period - Snap shot by Lucas Lessio.
6:25 of 2nd period - Goal by Lucas Lessio - Griffins : 1 - Icehogs : 0.
6:26 of 2nd period - Riley Armstrong wins face-off versus Michael Chaput in neutral zone.
6:40 of 2nd period - Off-side.
6:41 of 2nd period - Nico Hischier wins face-off versus Michael Chaput in neutral zone.
6:48 of 2nd period - Nico Hischier is hit by Hudson Fasching and loses puck.
7:07 of 2nd period - Clark Bishop is hit by Dmitri Orlov and loses puck.
7:13 of 2nd period - Off-side.
7:14 of 2nd period - Riley Armstrong wins face-off versus Michael Chaput in neutral zone.
7:23 of 2nd period - Snap shot by Riley Armstrong.
7:23 of 2nd period - Stopped by Mark Visentin without a rebound.
7:24 of 2nd period - Riley Armstrong wins face-off versus Michael Chaput in Icehogs zone.
8:19 of 2nd period - Slapshot by Lucas Lessio.
8:19 of 2nd period - Shot Blocked by Julius Honka.
8:23 of 2nd period - Snap shot by Lucas Lessio.
8:23 of 2nd period - Deflect By Martin Frk.
8:23 of 2nd period - Stopped by Mark Visentin with a rebound.
8:25 of 2nd period - Wrist shot by Martin Frk.
8:25 of 2nd period - Stopped by Mark Visentin with a rebound.
8:40 of 2nd period - Slapshot by Chris Bigras.
8:40 of 2nd period - Shot Misses the Net.
8:56 of 2nd period - Snap shot by Julius Honka.
8:56 of 2nd period - Stopped by Ilya Samsonov without a rebound.
8:57 of 2nd period - Nico Hischier wins face-off versus Clark Bishop in Griffins zone.
9:31 of 2nd period - Slapshot by Sonny Milano.
9:31 of 2nd period - Shot Misses the Net.
9:33 of 2nd period - Snap shot by Sonny Milano.
9:33 of 2nd period - Deflect By Tyler Bertuzzi.
9:33 of 2nd period - Goal by Tyler Bertuzzi - Griffins : 2 - Icehogs : 0.
9:34 of 2nd period - Riley Armstrong wins face-off versus Michael Chaput in neutral zone.
10:00 of 2nd period - Kurtis Gabriel is hit by Roope Hintz and loses puck.
10:59 of 2nd period - Minor Penalty to Troy Terry for Hooking.
11:00 of 2nd period - Brendan Woods wins face-off versus Michael Chaput in Griffins zone.
11:39 of 2nd period - Slapshot by Clark Bishop.
11:39 of 2nd period - Shot Blocked by Ian McCoshen.
12:59 of 2nd period - Penalty to Troy Terry is over, Troy Terry is back on ice.
14:31 of 2nd period - Michael Chaput is hit by Danny Kristo and loses puck.
14:48 of 2nd period - Duncan Siemens is hit by Troy Terry and loses puck.
15:35 of 2nd period - Icing by Danny Kristo.
15:36 of 2nd period - Nico Hischier wins face-off versus Kristian Reichel in Griffins zone.
15:59 of 2nd period - Martin Frk is hit by Michael Chaput and loses puck.
16:04 of 2nd period - Snap shot by Stefan Matteau.
16:04 of 2nd period - Deflect By Hudson Fasching.
16:04 of 2nd period - Stopped by Ilya Samsonov without a rebound.
16:05 of 2nd period - Clark Bishop wins face-off versus Nico Hischier in Griffins zone.
17:04 of 2nd period - Minor Penalty to Mikhail Grigorenko for Hooking.
17:05 of 2nd period - Andrew Mangiapane wins face-off versus Riley Armstrong in Icehogs zone.
17:19 of 2nd period - Slapshot by Tyler Bertuzzi.
17:19 of 2nd period - Shot Blocked by Nick Mattson.
17:47 of 2nd period - Snap shot by Danny Kristo.
17:47 of 2nd period - Goal by Danny Kristo - Griffins : 3 - Icehogs : 0.
17:48 of 2nd period - Michael Chaput wins face-off versus Riley Armstrong in neutral zone.
17:51 of 2nd period - Slapshot by Nick Mattson.
17:51 of 2nd period - Shot Misses the Net.
17:53 of 2nd period - Slapshot by Mike Reilly.
17:53 of 2nd period - Stopped by Ilya Samsonov with a rebound.
17:57 of 2nd period - Snap shot by Stefan Matteau.
17:57 of 2nd period - Stopped by Ilya Samsonov without a rebound.
17:58 of 2nd period - Michael Chaput wins face-off versus Riley Armstrong in Griffins zone.
18:10 of 2nd period - Off-side.
18:11 of 2nd period - Riley Armstrong wins face-off versus Michael Chaput in neutral zone.
19:28 of 2nd period - Minor Penalty to Duncan Siemens for Hooking.
19:29 of 2nd period - Riley Armstrong wins face-off versus Stefan Matteau in Icehogs zone.
19:33 of 2nd period - Snap shot by Lucas Lessio.
19:33 of 2nd period - Stopped by Mark Visentin with a rebound.
19:48 of 2nd period - Minor Penalty to Andrew Mangiapane for High sticking.
19:49 of 2nd period - Stefan Matteau wins face-off versus Riley Armstrong in Icehogs zone.
Goals for this period are 3 for Griffins vs 0 for Icehogs.
Shots for this period are 13 for Griffins vs 7 for Icehogs.
3rd period
0:01 of 3rd period - Stefan Matteau wins face-off versus Riley Armstrong in neutral zone.
0:04 of 3rd period - Tyler Bertuzzi is hit by Nick Mattson and loses puck.
1:28 of 3rd period - Penalty to Duncan Siemens is over, Duncan Siemens is back on ice.
1:48 of 3rd period - Penalty to Andrew Mangiapane is over, Andrew Mangiapane is back on ice.
3:14 of 3rd period - Snap shot by Mikhail Grigorenko.
3:14 of 3rd period - Stopped by Ilya Samsonov without a rebound.
3:15 of 3rd period - Kristian Reichel wins face-off versus Vladislav Namestnikov in Griffins zone.
3:18 of 3rd period - Wrist shot by Patrick Russell.
3:18 of 3rd period - Shot Hit the Post.
3:30 of 3rd period - Minor Penalty to Mikhail Grigorenko for Hooking.
3:31 of 3rd period - Stefan Matteau wins face-off versus Riley Armstrong in Icehogs zone.
4:04 of 3rd period - Snap shot by Danny Kristo.
4:04 of 3rd period - Stopped by Mark Visentin with a rebound.
4:06 of 3rd period - Slapshot by Ryan Pulock.
4:06 of 3rd period - Stopped by Mark Visentin with a rebound.
4:08 of 3rd period - Snap shot by Danny Kristo.
4:08 of 3rd period - Stopped by Mark Visentin without a rebound.
4:09 of 3rd period - Riley Armstrong wins face-off versus Andrew Mangiapane in Icehogs zone.
5:30 of 3rd period - Penalty to Mikhail Grigorenko is over, Mikhail Grigorenko is back on ice.
5:48 of 3rd period - Slapshot by Jeremy Davies.
5:48 of 3rd period - Shot Blocked by Joe Morrow.
5:50 of 3rd period - Snap shot by Mikhail Grigorenko.
5:50 of 3rd period - Deflect By Kristian Reichel.
5:50 of 3rd period - Shot Misses the Net.
5:50 of 3rd period - Puck is out of play.
5:51 of 3rd period - Michael Chaput wins face-off versus Nico Hischier in Griffins zone.
5:54 of 3rd period - Wrist shot by Michael Chaput.
5:54 of 3rd period - Shot Misses the Net.
5:56 of 3rd period - Snap shot by Stefan Matteau.
5:56 of 3rd period - Shot Blocked by Ryan Lindgren.
5:58 of 3rd period - Slapshot by Stefan Matteau.
5:58 of 3rd period - Shot Blocked by Danny Kristo.
6:16 of 3rd period - Mikhail Grigorenko is hit by Vladislav Namestnikov and loses puck.
6:34 of 3rd period - Off-side.
6:35 of 3rd period - Clark Bishop wins face-off versus Riley Armstrong in neutral zone.
6:46 of 3rd period - Snap shot by Andrew Mangiapane.
6:46 of 3rd period - Shot Misses the Net.
6:48 of 3rd period - Slapshot by Kurtis Gabriel.
6:48 of 3rd period - Shot Blocked by Joe Morrow.
6:50 of 3rd period - Wrist shot by Andrew Mangiapane.
6:50 of 3rd period - Shot Misses the Net.
7:00 of 3rd period - Hudson Fasching is hit by Joe Morrow.
8:21 of 3rd period - Icing by Nick Paul.
8:22 of 3rd period - Michael Chaput wins face-off versus Nico Hischier in Icehogs zone.
8:47 of 3rd period - Wrist shot by Michael Chaput.
8:47 of 3rd period - Shot Blocked by Lucas Lessio.
8:53 of 3rd period - Slapshot by Kurtis Gabriel.
8:53 of 3rd period - Shot Misses the Net.
8:55 of 3rd period - Slapshot by Andrew Mangiapane.
8:55 of 3rd period - Stopped by Ilya Samsonov without a rebound.
8:56 of 3rd period - Riley Armstrong wins face-off versus Clark Bishop in Griffins zone.
9:07 of 3rd period - Slapshot by Dmitri Orlov.
9:07 of 3rd period - Stopped by Mark Visentin without a rebound.
9:08 of 3rd period - Michael Chaput wins face-off versus Riley Armstrong in Icehogs zone.
9:08 of 3rd period - Mike Reilly is hit by Riley Armstrong and loses puck.
9:14 of 3rd period - Mike Reilly is hit by Joe Morrow and loses puck.
9:17 of 3rd period - Wrist shot by Mike Reilly.
9:17 of 3rd period - Stopped by Ilya Samsonov without a rebound.
9:18 of 3rd period - Michael Chaput wins face-off versus Riley Armstrong in Griffins zone.
9:27 of 3rd period - Wrist shot by Michael Chaput.
9:27 of 3rd period - Stopped by Ilya Samsonov with a rebound.
9:29 of 3rd period - Slapshot by Mike Reilly.
9:29 of 3rd period - Stopped by Ilya Samsonov without a rebound.
9:30 of 3rd period - Michael Chaput wins face-off versus Riley Armstrong in Griffins zone.
9:31 of 3rd period - Slapshot by Stefan Matteau.
9:31 of 3rd period - Stopped by Ilya Samsonov with a rebound.
9:33 of 3rd period - Wrist shot by Stefan Matteau.
9:33 of 3rd period - Shot Misses the Net.
9:35 of 3rd period - Slapshot by Mike Reilly.
9:35 of 3rd period - Stopped by Ilya Samsonov with a rebound.
9:37 of 3rd period - Wrist shot by Michael Chaput.
9:37 of 3rd period - Stopped by Ilya Samsonov without a rebound.
9:38 of 3rd period - Michael Chaput wins face-off versus Riley Armstrong in Griffins zone.
9:47 of 3rd period - Minor Penalty to Tyler Bertuzzi for Tripping.
9:48 of 3rd period - Stefan Matteau wins face-off versus Brendan Woods in Griffins zone.
10:22 of 3rd period - Snap shot by Andrew Mangiapane.
10:22 of 3rd period - Stopped by Ilya Samsonov without a rebound.
10:23 of 3rd period - Brendan Woods wins face-off versus Clark Bishop in Griffins zone.
11:10 of 3rd period - Icing by Andrew Mangiapane.
11:11 of 3rd period - Roope Hintz wins face-off versus Clark Bishop in Icehogs zone.
11:47 of 3rd period - Penalty to Tyler Bertuzzi is over, Tyler Bertuzzi is back on ice.
11:48 of 3rd period - Icing by Clark Bishop.
11:49 of 3rd period - Riley Armstrong wins face-off versus Clark Bishop in Icehogs zone.
11:50 of 3rd period - Snap shot by Sonny Milano.
11:50 of 3rd period - Stopped by Mark Visentin with a rebound.
12:02 of 3rd period - Snap shot by Kurtis Gabriel.
12:02 of 3rd period - Shot Blocked by Ryan Pulock.
12:04 of 3rd period - Wrist shot by Andrew Mangiapane.
12:04 of 3rd period - Shot Misses the Net.
12:06 of 3rd period - Slapshot by Nick Mattson.
12:06 of 3rd period - Goal by Nick Mattson - Griffins : 3 - Icehogs : 1.
12:07 of 3rd period - Riley Armstrong wins face-off versus Michael Chaput in neutral zone.
12:14 of 3rd period - Slapshot by Riley Armstrong.
12:14 of 3rd period - Stopped by Mark Visentin with a rebound.
12:20 of 3rd period - Snap shot by Sonny Milano.
12:20 of 3rd period - Stopped by Mark Visentin without a rebound.
12:21 of 3rd period - Riley Armstrong wins face-off versus Michael Chaput in Icehogs zone.
12:22 of 3rd period - Snap shot by Tyler Bertuzzi.
12:22 of 3rd period - Stopped by Mark Visentin without a rebound.
12:23 of 3rd period - Michael Chaput wins face-off versus Riley Armstrong in Icehogs zone.
12:49 of 3rd period - Wrist shot by Andrew Mangiapane.
12:49 of 3rd period - Stopped by Ilya Samsonov with a rebound.
13:10 of 3rd period - Mike Reilly is hit by Martin Frk and loses puck.
13:13 of 3rd period - Snap shot by Kristian Reichel.
13:13 of 3rd period - Shot Misses the Net.
13:15 of 3rd period - Snap shot by Kristian Reichel.
13:15 of 3rd period - Shot Misses the Net.
13:17 of 3rd period - Wrist shot by Kristian Reichel.
13:17 of 3rd period - Goal by Kristian Reichel - Griffins : 3 - Icehogs : 2.
13:18 of 3rd period - Riley Armstrong wins face-off versus Michael Chaput in neutral zone.
13:20 of 3rd period - Minor Penalty to Joe Morrow for Roughing.
13:21 of 3rd period - Michael Chaput wins face-off versus Brendan Woods in Griffins zone.
13:35 of 3rd period - Slapshot by Stefan Matteau.
13:35 of 3rd period - Deflect By Hudson Fasching.
13:35 of 3rd period - Shot Blocked by Brendan Woods.
13:35 of 3rd period - Puck is out of play.
13:36 of 3rd period - Brendan Woods wins face-off versus Michael Chaput in Griffins zone.
13:43 of 3rd period - Wrist shot by Lucas Lessio.
13:43 of 3rd period - Stopped by Mark Visentin with a rebound.
15:10 of 3rd period - Slapshot by Ryan Pulock.
15:10 of 3rd period - Deflect By Riley Armstrong.
15:10 of 3rd period - Shot Blocked by Nick Mattson.
15:10 of 3rd period - Puck is out of play.
15:11 of 3rd period - Michael Chaput wins face-off versus Danny Kristo in Icehogs zone.
15:16 of 3rd period - Snap shot by Riley Armstrong.
15:16 of 3rd period - Stopped by Mark Visentin without a rebound.
15:17 of 3rd period - Riley Armstrong wins face-off versus Michael Chaput in Icehogs zone.
15:20 of 3rd period - Penalty to Joe Morrow is over, Joe Morrow is back on ice.
16:11 of 3rd period - Snap shot by Michael Chaput.
16:11 of 3rd period - Deflect By Hudson Fasching.
16:11 of 3rd period - Stopped by Ilya Samsonov without a rebound.
16:12 of 3rd period - Michael Chaput wins face-off versus Danny Kristo in Griffins zone.
16:43 of 3rd period - Snap shot by Roope Hintz.
16:43 of 3rd period - Shot Blocked by Duncan Siemens.
16:45 of 3rd period - Slapshot by Danny Kristo.
16:45 of 3rd period - Stopped by Mark Visentin with a rebound.
17:01 of 3rd period - Snap shot by Nico Hischier.
17:01 of 3rd period - Stopped by Mark Visentin with a rebound.
17:03 of 3rd period - Snap shot by Nico Hischier.
17:03 of 3rd period - Stopped by Mark Visentin without a rebound.
17:04 of 3rd period - Stefan Matteau wins face-off versus Vladislav Namestnikov in Icehogs zone.
17:04 of 3rd period - Stefan Matteau is hit by Martin Frk.
17:19 of 3rd period - Mike Reilly is hit by Vladislav Namestnikov and loses puck.
17:32 of 3rd period - Slapshot by Sonny Milano.
17:32 of 3rd period - Stopped by Mark Visentin with a rebound.
17:34 of 3rd period - Wrist shot by Dmitri Orlov.
17:34 of 3rd period - Shot Misses the Net.
17:36 of 3rd period - Snap shot by Dmitri Orlov.
17:36 of 3rd period - Shot Misses the Net.
17:38 of 3rd period - Slapshot by Dmitri Orlov.
17:38 of 3rd period - Shot Blocked by Mike Reilly.
17:40 of 3rd period - Slapshot by Dmitri Orlov.
17:40 of 3rd period - Stopped by Mark Visentin with a rebound.
17:42 of 3rd period - Wrist shot by Brendan Woods.
17:42 of 3rd period - Shot Misses the Net.
17:52 of 3rd period - Riley Armstrong is hit by Andrew Mangiapane and loses puck.
17:53 of 3rd period - Riley Armstrong from Griffins is injured at 17:53 of 3rd period (Sprained Left Finger).
17:54 of 3rd period - JJ. Piccinich wins face-off versus Vladislav Namestnikov in Griffins zone.
18:02 of 3rd period - Joe Morrow is hit by Mike Reilly and loses puck.
18:19 of 3rd period - Sonny Milano is hit by Mikhail Grigorenko and loses puck.
18:28 of 3rd period - Wrist shot by Mikhail Grigorenko.
18:28 of 3rd period - Stopped by Ilya Samsonov with a rebound.
18:30 of 3rd period - Snap shot by Patrick Russell.
18:30 of 3rd period - Stopped by Ilya Samsonov with a rebound.
18:32 of 3rd period - Snap shot by Mikhail Grigorenko.
18:32 of 3rd period - Deflect By Patrick Russell.
18:32 of 3rd period - Shot Misses the Net.
18:32 of 3rd period - Puck is out of play.
18:33 of 3rd period - Michael Chaput wins face-off versus Lucas Lessio in Griffins zone.
18:34 of 3rd period - Snap shot by Stefan Matteau.
18:34 of 3rd period - Stopped by Ilya Samsonov without a rebound.
18:35 of 3rd period - Vladislav Namestnikov wins face-off versus Michael Chaput in Griffins zone.
18:42 of 3rd period - Snap shot by Stefan Matteau.
18:42 of 3rd period - Shot Misses the Net.
19:08 of 3rd period - Icehogs, Mark Visentin is pulled from the net.
19:32 of 3rd period - Slapshot by Tyler Bertuzzi.
19:32 of 3rd period - Goal by Tyler Bertuzzi - Griffins : 4 - Icehogs : 2.
19:32 of 3rd period - Mark Visentin from Icehogs was sent back in the game.
19:33 of 3rd period - Michael Chaput wins face-off versus Troy Terry in neutral zone.
Goals for this period are 1 for Griffins vs 2 for Icehogs.
Shots for this period are 16 for Griffins vs 16 for Icehogs.
Output by the SimonT Hockey Simulator (STHS) for Francois Prevost